 Dungeon Crawl Stone Soup version 0.24.1-11-gbbbb2193e6 (webtiles) character file.

Game seed: 9632825517400825530, levelgen mode: deterministic

34 Peloso the Skirmisher (level 3, 29/29 HPs)
             Began as a Demonspawn Fighter on May 10, 2020.
             Got out of the dungeon alive.
             The game lasted 00:02:35 (670 turns).

Peloso the Skirmisher (Demonspawn Fighter)           Turns: 670, Time: 00:02:36

Health: 29/29      AC: 10    Str: 17    XL:     3   Next: 14%
Magic:  3/3        EV:  7    Int: 11    God:
Gold:   37         SH:  9    Dex: 12    Spells: 2/2 levels left

rFire    . . .     SeeInvis .   a - +0 long sword
rCold    + . .     Gourm    .   c - +0 shield
rNeg     . . .     Faith    .   b - +0 scale mail
rPois    .         Spirit   .   (no helmet)
rElec    .         Reflect  .   (no cloak)
rCorr    .         Harm     .   (no gloves)
MR       .....     Rnd*Tele +   m - +0 pair of boots
Stlth    ..........             (no amulet)
HPRegen  0.09/turn              o - ring of teleportation (curse)
MPRegen  0.08/turn              (no ring)

@: no status effects
A: talons 1, yellow scales 1, clever 1, cold resistance 1, deterioration 1,
shaggy fur 1
a: no special abilities


You escaped.
You were not hungry.

You visited 1 branch of the dungeon, and saw 1 of its levels.

You collected 37 gold pieces.

Inventory:

Hand Weapons
 a - a +0 long sword (weapon)
Armour
 b - a +0 scale mail (worn)
 c - a +0 shield (worn)
 m - a +0 pair of boots (worn)
Jewellery
 o - a cursed ring of teleportation (left hand)
Scrolls
 e - a scroll of noise {unknown}
 h - a scroll of enchant weapon {unknown}
 i - a scroll of identify {unknown}
 k - a scroll of amnesia {unknown}
 l - a scroll of random uselessness {unknown}
 n - a scroll of teleportation {unknown}
Potions
 d - 2 potions of might
Comestibles
 f - 2 rations


   Skills:
 + Level 3.2 Fighting
 + Level 2.3 Long Blades
 + Level 2.9 Armour
 + Level 0.3 Dodging
 + Level 3.0 Shields


You had 2 spell levels left.
You didn't know any spells.
Your spell library was empty.

Dungeon Overview and Level Annotations

Branches:
Dungeon (1/15)

Altars:


Innate Abilities, Weirdness & Mutations

You are partially covered in yellow scales. (AC +2)
Your flesh is cold resistant. (rC+)
You have sharp toenails.
Your mind is acute. (Int +2)
Your body sometimes deteriorates upon taking damage.
You are covered in fur. (AC +1)


Message History

You're already here!
(D) Dungeon
Where to? (Enter - D:1, ? - help)
What level of the Dungeon? (default 1, ? - help)
d - 2 potions of might (gained 1)
You see here a +0 dagger.
Your extra speed is starting to run out.
You feel yourself slow down.
There is an open door, spattered with blood here.
There is an open door here.
There is an open door here.
There is an open door here.
There is an open door here.
There is an open door here.
There is an open door here.
There is an open door here.
There is an open door here.
There is a staircase leading out of the dungeon here.
Are you sure you want to leave the Dungeon?
This will make you lose the game!
You have escaped!

#........#.......# ###
#........'.......# ##..
#...##########...# #...
#...#....#...#...# #...
#...#....#...#...# #...
#...#....'...#...# ##.#
#...#....##'####'# #.#
#'#####'###..#...# #..
#...#...#@'..#...# ###
#...#...######...# #
#...#.....'......# #
#...#.....#......# ##
#...#.....#......# #.
#...############## #.
#.........'.# #.
#.........#.# #.
#.........#.###########
#.


There were no monsters in sight!

Vanquished Creatures
  A dart slug (D:1)
  2 leopard geckos (D:1)
  3 bats (D:1)
  4 goblins (D:1)
  3 hobgoblins (D:1)
  4 jackals (D:1)
  4 frilled lizards (D:1)
  4 kobolds (D:1)
  3 rats (D:1)
28 creatures vanquished.

Notes
Turn   | Place    | Note
-------+----------+-------------------------------------------
     0 | D:1      | Peloso the Demonspawn Fighter began the quest for the Orb.
     0 | D:1      | Reached XP level 1. HP: 18/18 MP: 1/1
   130 | D:1      | Gained mutation: You are partially covered in yellow
                  | scales. (AC +2) [demonic ancestry]
   130 | D:1      | Reached XP level 2. HP: 16/24 MP: 2/2
   537 | D:1      | Gained mutation: Your flesh is cold resistant. (rC+)
                  | [demonic ancestry]
   537 | D:1      | Reached XP level 3. HP: 29/29 MP: 3/3
   562 | D:1      | Gained mutation: You are frail. (-10% HP) [potion of
                  | mutation]
   562 | D:1      | Gained mutation: You are resistant to hostile enchantments.
                  | (MR+) [potion of mutation]
   562 | D:1      | Gained mutation: You have large cloven feet. [potion of
                  | mutation]
   563 | D:1      | Lost mutation: You are frail. (-10% HP) [potion of
                  | mutation]
   563 | D:1      | Lost mutation: You are resistant to hostile enchantments.
                  | (MR+) [potion of mutation]
   563 | D:1      | Lost mutation: You have large cloven feet. [potion of
                  | mutation]
   563 | D:1      | Gained mutation: Your body sometimes deteriorates upon
                  | taking damage. [potion of mutation]
   563 | D:1      | Gained mutation: Your mind is acute. (Int +2) [potion of
                  | mutation]
   563 | D:1      | Gained mutation: You have sharp toenails. [potion of
                  | mutation]
   563 | D:1      | Gained mutation: You are covered in fur. (AC +1) [potion of
                  | mutation]
   670 | D:$      | Got out of the dungeon alive.

Levels and vault maps discovered:
D:1:      minmay_arrival_widening_spiral_wide, layout_loops_cross

Skill      XL: |  1  2 |
---------------+-------+-----
Long Blades    | 2 |  2.3
Shields        | 3 |  3.0
Fighting       | |  3.2
Armour         | |  2.9
Dodging        | |  0.3

Action                   || total
-------------------------++-------
Melee: Long sword        ||   104
  Use: Potion            ||     3
Armor: Scale mail        ||    94
Dodge: Dodged            ||    55
Block: Shield            ||    71
       Rpst.: Long sword ||    21
